 Dungeon Crawl Stone Soup version 0.28-a0-1567-g1695149f81 (webtiles) character file.

Game seed: 4922404030418632918

24 lonewolfV2 the Skirmisher (level 2, -3/25 HPs)
             Began as a Palentonga Fighter on Jan 19, 2022.
             Slain by a kobold (5 damage)
             ... on level 1 of the Dungeon.
             The game lasted 00:00:53 (495 turns).

lonewolfV2 the Skirmisher (Palentonga Fighter)       Turns: 495, Time: 00:00:53

Health: -3/25      AC:  6    Str: 19    XL:     2   Next: 79%
Magic:  2/2        EV:  7    Int:  8    God:
Gold:   0          SH:  4    Dex:  9    Spells: 1/1 levels left

rFire   . . .      SeeInvis +   a - +0 war axe
rCold   . . .      Faith    .   c - +0 buckler
rNeg    . . .      Spirit   .   b - +0 scale mail
rPois   .          Reflect  .   (no helmet)
rElec   .          Harm     .   (no cloak)
rCorr   .          Rampage  .   (no gloves)
Will    .....                   (no barding)
Stlth   ..........              (no amulet)
HPRegen 0.08/turn               (no ring)
MPRegen 0.08/turn               (no ring)

@: no status effects
A: large, rugged brown scales 3, see invisible, deformed body, roll 1, armoured
tail
a: Rolling Charge


You were on level 1 of the Dungeon.
You visited 1 branch of the dungeon, and saw 1 of its levels.

Inventory:

Hand Weapons
 a - a +0 war axe (weapon)
Armour
 b - a +0 scale mail (worn)
 c - a +0 buckler (worn)
Scrolls
 e - a scroll of amnesia {unknown}
Potions
 d - a potion of might


   Skills:
 + Level 3.3 Fighting
 + Level 2.2 Axes
 + Level 2.7 Armour
 + Level 2.7 Shields


You had one spell level left.
You didn't know any spells.
Your spell library was empty.

Dungeon Overview and Level Annotations

Branches:
Dungeon (1/15)

Altars:


Innate Abilities, Weirdness & Mutations

You are completely covered in rugged brown scales. (AC +3, +7% HP)
You have supernaturally acute eyesight. (SInv)
Armour fits poorly on your strangely shaped body.
You can roll at nearby foes to attack.
You have a long armoured tail.


Message History

The kobold hits you with a +0 mace. The kobold hits you with a +0 mace.
Found 3 boomerangs.
The kobold hits you with a +0 mace. You block the kobold's attack.
You barely miss the kobold.
Your tail-slap misses the kobold.
The kobold hits you with a +0 mace.
You closely miss the kobold.
Your tail-slap misses the kobold.
The kobold closely misses you. The kobold hits you with a +0 mace.
You hit the kobold but do no damage. The kobold hits you with a +0 mace.
You closely miss the kobold. The kobold hits you but does no damage.
You closely miss the kobold. The kobold hits you but does no damage.
The kobold hits you with a +0 mace.
You closely miss the kobold. The kobold hits you with a +0 mace.
* * * LOW HITPOINT WARNING * * *
You closely miss the kobold. You block the kobold's attack.
The kobold hits you with a +0 mace.
* * * LOW HITPOINT WARNING * * *
You hit the kobold but do no damage.
Your tail-slap misses the kobold.
You block the kobold's attack.
You hit the kobold but do no damage.
Your tail-slap misses the kobold.
The kobold hits you but does no damage.
You closely miss the kobold. You block the kobold's attack.
The kobold hits you with a +0 mace.
* * * LOW HITPOINT WARNING * * *
You barely miss the kobold. The kobold hits you but does no damage.
You hit the kobold.
The kobold is severely wounded.
The kobold hits you with a +0 mace.
* * * LOW HITPOINT WARNING * * *
The kobold completely misses you.
You closely miss the kobold.
The kobold is severely wounded.
The kobold closely misses you.
You closely miss the kobold.
The kobold is severely wounded.
The kobold hits you but does no damage.
You closely miss the kobold.
The kobold is severely wounded.
The kobold hits you with a +0 mace.
You die...

#.....
.............
#.....
#............
#.....
#............
######
#............
#.....
#....(.......
+⌠....
#............
#.....
####.........(..#
#..⌠.. #.......@#
#..###'##
#.......K#
#........
#....#...#
#........ #...
#...# #########
#.. #...# #.
#...##### #
#†....... ##
######........ #.
#............. #.


You could see a kobold.

Vanquished Creatures
  A dart slug (D:1)
  A bat (D:1)
  2 endoplasms (D:1)
  3 giant cockroaches (D:1)
  5 jackals (D:1)
  A quokka (D:1)
  2 ball pythons (D:1)
  A frilled lizard (D:1)
  3 rats (D:1)
  A spectral hobgoblin (D:1)
20 creatures vanquished.

Notes
Turn   | Place    | Note
-------+----------+-------------------------------------------
     0 | D:1      | lonewolfV2 the Palentonga Fighter began the quest for the
                  | Orb.
     0 | D:1      | Reached XP level 1. HP: 19/19 MP: 1/1
     1 | D:1      | Found a runed translucent door.
    56 | D:1      | Reached XP level 2. HP: 19/25 MP: 2/2
   433 | D:1      | Found a faded altar of an unknown god.
   492 | D:1      | HP: 1/25 [kobold (1)]
   495 | D:1      | Slain by a kobold

Illustrated notes

Levels and vault maps discovered:
D:1:      dpeg_arrival_caged_fury, layout_basic,
          dreamdust_ecumenical_altar_drowned_temple

Action                   || total
-------------------------++-------
Melee: War axe           ||    59
       Tailslap          ||     4
 Abil: Rolling Charge    ||     3
Armor: Scale mail        ||    47
Dodge: Dodged            ||    26
Block: Buckler           ||    15

Table legend: (Time is in decaauts)
 A = Elapsed time spent in this place.
 B = Non-inter-level travel time spent in this place.
 C = Inter-level travel time spent in this place.
 D = Time resting spent in this place.
 E = Time spent auto-exploring this place.
 F = Levels seen in this place.
 G = Mean time per level.
                   A        B        C        D        E       F      G
               +--------+--------+--------+--------+--------+-----+--------+
         Total |    521 |    521 |      0 |      0 |    349 |   1 |  521.0 |
       Dungeon |    521 |    521 |      0 |      0 |    349 |   1 |  521.0 |
               +--------+--------+--------+--------+--------+-----+--------+

Top non-repeatable levels by time:
     D:1: 521 daAuts
